 Dungeon Crawl Stone Soup version 0.18-a0-1745-gffa9a88 (webtiles) character file.

315 FrancescoMac the Distorting Demonspawn (level 6, -4/48 HPs)
             Began as a Demonspawn Abyssal Knight on Apr 11, 2016.
             Was a Believer of Lugonu.
             Slain by a decayed bog body (5 damage)
             ... in an ossuary.
             The game lasted 00:12:19 (3459 turns).

FrancescoMac the Distorting Demonspawn (DsAK)       Turns: 3459, Time: 00:12:21

Health: -4/48      AC:  6    Str: 14    XL:     6   Next: 20%
Magic:  8/9        EV: 13    Int: 13    God:    Lugonu [**....]
Gold:   178        SH:  2    Dex: 13    Spells: 0 memorised, 5 levels left

rFire  . . .     SeeInvis .     a - +1 falchion
rCold  . . .     Gourm    .     b - +0 leather armour
rNeg   . . .     Faith    .     (no shield)
rPois  .         Spirit   .     (no helmet)
rElec  .         Dismiss  .     (no cloak)
rCorr  .         Reflect  .     h - +0 pair of gloves
SustAt .         Harm     +     (no boots)
MR     .....                    d - amulet of harm
Stlth  +.........               (no ring)
                                n - +1 ring of evasion

@: slowed, very slow, not resistant to hostile enchantments, very unstealthy
A: talons 1, large bone plates 1, demonic guardian 1
a: Depart the Abyss, Bend Space, Renounce Religion


You were in an ossuary.
You worshipped Lugonu.
Lugonu was pleased with you.
You were not hungry.

You visited 1 branch of the dungeon, and saw 4 of its levels.
You visited the Abyss 1 time.
You also visited: Ossuary.

You collected 178 gold pieces.

Inventory:

Hand Weapons
 a - a +1 falchion (weapon)
Armour
 b - a +0 leather armour (worn)
 h - a +0 pair of gloves (worn)
Jewellery
 d - an amulet of harm (around neck)
 n - a +1 ring of evasion (left hand)
 t - an uncursed ring of wizardry {unknown}
Scrolls
 e - 8 scrolls of remove curse
 f - a scroll of immolation
 k - a scroll of teleportation {unknown}
 l - a scroll of noise {unknown}
 o - a scroll of blinking
 p - a scroll of fog
 s - 2 scrolls of identify
Potions
 i - 2 potions of degeneration
 j - a potion of heal wounds
 q - a potion of agility
 r - a potion of brilliance
 v - 2 potions of berserk rage {unknown}
Comestibles
 c - 4 bread rations
 g - 3 meat rations
 u - a slice of pizza
 w - a fruit


   Skills:
 + Level 3.7 Fighting
 + Level 3.2 Long Blades
 + Level 3.2 Armour
 + Level 2.1 Dodging
 + Level 4.9 Invocations


You had 5 spell levels left.
You didn't know any spells.

Dungeon Overview and Level Annotations

Branches:
Dungeon (4/15)
 Temple: D:4-7

Altars:
Cheibriados


Innate Abilities, Weirdness & Mutations

You have sharp toenails.
You are partially covered in large bone plates (AC +2, SH +2).
A weak demonic guardian rushes to your aid.


Message History

The decayed bog body barely misses you.
The decayed bog body closely misses you.
The adder zombie barely misses you.
The decayed bog body gestures at you while chanting.
You resist with some effort.
A hound zombie comes into view.
You hit the decayed bog body. Your kick misses the decayed bog body.
The decayed bog body is severely damaged.
The decayed bog body closely misses you.
The decayed bog body touches you but does no damage.
The adder zombie bites you but does no damage.
The decayed bog body hits you!
* * * LOW HITPOINT WARNING * * *
The decayed bog body touches you but does no damage.
The mummy splashes around in the water.
The decayed bog body closely misses you.
The decayed bog body touches you.
* * * LOW HITPOINT WARNING * * *
The decayed bog body freezes you.
You die...

## ## ≈##≈ ≈≈≈ #
≈≈ ≈# ≈###≈≈# # #
#≈Z≈≈#####≈#
.#P#@#n .≈.≈≈
#.≈.MnnZ#.≈.####
≈≈Z≈≈5≈nZZ...≈≈.≈#
#≈##≈##≈##†##≈≈
#!! #.#...# #?
###.∩.# # #∩..#
#####


You could see 3 decayed bog bodies, a mummy, an adder zombie, a jackal zombie, a
hound zombie, a giant cockroach zombie, a centaur zombie and a friendly quasit.

Vanquished Creatures
  A scorpion (D:4)
  A bog body (Ossuary)
  A worker ant (D:4)
  A mummy (D:4)
  10 adders
  An ooze (D:2)
  A worm (D:2)
  3 giant geckos
  An orc (D:4)
  4 bats
  4 giant cockroaches
  3 hobgoblins
  A ball python (D:2)
  3 giant newts
  6 goblins
  11 kobolds
  7 rats
59 creatures vanquished.

Vanquished Creatures (collateral kills)
  A bog body (Ossuary)
  A centaur skeleton (D:3)
  A rat (D:3)
3 creatures vanquished.

Grand Total: 62 creatures vanquished

Notes
Turn   | Place    | Note
--------------------------------------------------------------
     0 | Abyss:1  | FrancescoMac the Demonspawn Abyssal Knight began the quest for the Orb.
     0 | Abyss:1  | Reached XP level 1. HP: 18/18 MP: 2/2
    93 | Abyss:1  | Noticed a quasit
   101 | D:1      | Escaped the Abyss
   365 | D:1      | Reached skill level 1 in Dodging
   577 | D:1      | Gained mutation: You have sharp toenails. [demonic ancestry]
   577 | D:1      | Reached XP level 2. HP: 21/24 MP: 3/3
   982 | D:2      | Reached skill level 3 in Invocations
  1265 | D:2      | Gained mutation: A weak demonic guardian rushes to your aid. [demonic ancestry]
  1265 | D:2      | Reached XP level 3. HP: 11/29 MP: 5/5
  1464 | D:2      | Reached * piety under Lugonu
  2012 | D:2      | Gained mutation: You are partially covered in large bone plates (AC +2, SH +2). [demonic ancestry]
  2012 | D:2      | Reached XP level 4. HP: 31/35 MP: 6/6
  2227 | D:3      | Found a snail-covered altar of Cheibriados.
  2351 | D:3      | Reached skill level 4 in Invocations
  2638 | D:3      | Reached XP level 5. HP: 41/41 MP: 8/8
  3182 | D:4      | Reached ** piety under Lugonu
  3330 | D:4      | Found a sand-covered staircase.
  3342 | Ossuary  | Entered an ossuary
  3451 | Ossuary  | Reached XP level 6. HP: 21/47 MP: 9/9
  3459 | Ossuary  | HP: 1/48 [decayed bog body (5)]
  3459 | Ossuary  | Slain by a decayed bog body

Vault maps used:
D:1:      roderic_dead_forest, minmay_misc_feat_columns, minivault_4
D:3:      cheibriados_altar_1
D:4:      first_bread, gup_ossuary_entry_pyramid, uniq_crazy_yiuf_cottage
Ossuary:  ossuary_zaba_flooded

Skill      XL: |  1  2  3  4  5 |
---------------+----------------+-----
Dodging        | 1 2 |  2.1
Long Blades    | 2 3 |  3.2
Armour         | 2 3 |  3.2
Invocations    | 3 4 |  4.9
Fighting       | |  3.7

Action                   |  1- 3 |  4- 6 || total
-------------------------+-------+-------++-------
Melee: Falchion          |   126 |   122 ||   248
Invok: Depart the Abyss  |     1 |       ||     1
       Bend Space        |       |     1 ||     1
  Use: Scroll            |     3 |     5 ||     8
       Potion            |     1 |     2 ||     3
 Stab: Sleeping          |       |     2 ||     2
  Eat: Chunk             |     4 |     4 ||     8
       Fruit             |       |     1 ||     1
